 Dungeon Crawl Stone Soup version 0.21-a0-476-gd103f4b (webtiles) character file.

629 kae the Insei (level 7, 0/57 HPs)
             Began as a Red Draconian Transmuter on Nov 22, 2017.
             Slain by Pikel
             ... wielding a +2 whip of electrocution
              (20 damage)
             ... on level 4 of the Dungeon.
             The game lasted 00:05:00 (4220 turns).

kae the Insei (Red Draconian Transmuter)            Turns: 4220, Time: 00:05:01

Health: 0/57       AC:  6    Str: 12    XL:     7   Next: 23%
Magic:  10/12      EV: 12    Int: 13    God:
Gold:   265        SH:  0    Dex: 14    Spells: 9/12 levels left

rFire    + . .     SeeInvis .   d - +2 dagger (venom)
rCold    . . .     Gourm    +   (no shield)
rNeg     . . .     Faith    .   (armour unavailable)
rPois    .         Spirit   .   (helmet restricted)
rElec    .         Reflect  .   (no cloak)
rCorr    .         Harm     .   (no gloves)
MR       .....                  (no boots)
Stlth    +.........             f - amulet of the gourmand
HPRegen  0.19/turn              (no ring)
MPRegen  0.13/turn              (no ring)

@: short of breath, hasted, very quick
A: breathe fire, unfitting armour, fire resistance 1, cold-blooded, AC +6
a: Breathe Fire


You were on level 4 of the Dungeon.
You were very full.

You visited 1 branch of the dungeon, and saw 4 of its levels.

You collected 265 gold pieces.

Inventory:

Hand Weapons
 d - a +2 dagger of venom (weapon)
 h - a +1 dagger
Missiles
 a - 45 arrows
Jewellery
 f - an amulet of the gourmand (around neck)
Scrolls
 e - 3 scrolls of enchant weapon
 m - 2 scrolls of immolation
 r - 2 scrolls of amnesia
 u - a scroll of identify
Potions
 g - 2 potions of magic
 k - a potion of degeneration {unknown}
 n - 2 potions of ambrosia
 o - a potion of haste
 p - a potion of agility
 q - a potion of curing
 t - a potion of berserk rage {unknown}
 v - a potion of lignification {unknown}
Books
 b - a book of Changes

   Spells                             Type                      Level
   a - Beastly Appendage              Transmutation                1
   b - Sticks to Snakes               Transmutation                2
   c - Spider Form                    Transmutation/Poison         3
   d - Ice Form                       Ice/Transmutation            4
   e - Blade Hands                    Transmutation                5
 i - a book of Misfortune

   Spells                             Type                      Level
   a - Confusing Touch                Hexes                        1
   b - Confuse                        Hexes                        3
   c - Gell's Gravitas                Translocation                3
   d - Petrify                        Transmutation/Earth          4
   e - Metabolic Englaciation         Hexes/Ice                    5
   f - Yara's Violent Unravelling     Hexes/Transmutation          5
Comestibles
 c - 4 bread rations
 l - a royal jelly
 s - a meat ration


   Skills:
 + Level 3.5 Fighting
 - Level 1.7 Dodging
 * Level 5.4 Unarmed Combat
 + Level 3.3 Spellcasting
 * Level 4.8 Transmutations


You had 9 spell levels left.
You knew the following spells:

 Your Spells              Type           Power        Failure   Level  Hunger
a - Beastly Appendage     Tmut           ##....       3%          1    #......
b - Sticks to Snakes      Tmut           ##......     4%          2    ##.....


Dungeon Overview and Level Annotations

Branches:
Dungeon (4/15)
 Temple: D:4-7

Altars:
Gozag
Kikubaaqudgha
Vehumet
Zin

Annotations:
D:4 Pikel


Innate Abilities, Weirdness & Mutations

You can breathe blasts of fire.
Your fiery red scales are hard. (AC +6)
You cannot fit into any form of body armour.
Your flesh is heat resistant. (rF+)
You are cold-blooded and may be slowed by cold attacks.


Message History

t - Shout!
Orders for allies: a - Attack new target. p - Attack previous target. r - Retreat! s - Stop attacking. g - Guard the area. f - Follow me.
Anything else - Cancel.
Gang up on whom?
Press: ? - help, Dir - move target cursor, f/p - Pikel
Aim: Pikel, wielding a whip of electrocution and wearing a robe (moderately wounded) Attack!
Your ball python barely misses Pikel. x2
You hit Pikel but do no damage.
Pikel is moderately wounded.
Pikel closely misses you.
You hit Pikel but do no damage.
Pikel is poisoned.
You tail-slap Pikel, but do no damage.
Pikel is moderately wounded.
Your ball python closely misses Pikel.
Your ball python barely misses Pikel.
Pikel hits you with a whip of electrocution!
You are electrocuted!
You die...

.[..#####.........##
##.................#
###...#...........# #
###.#...........# #
#.##.........## #
#..##.........# #
##.####.......# #
##..........<.# #
#...###....@..# ##
##.#.###...K...# .##
#..#...#...S...######
..###.####.#.p..........#
...K#)####.#p............#
#.........................#
##........########+++######
####......# ####....).#


You could see Pikel, 2 slaves and a friendly ball python.

Vanquished Creatures
  2 ogres (D:4)
  A phantom (D:4)
  Blork the orc (D:4)
  A bullfrog (D:2)
  2 orc priests (D:3)
  Jessica (D:3)
  A worker ant (D:4)
  Robin (D:2)
  3 adders
  An adder skeleton (D:4)
  2 worms
  4 dart slugs
  3 leopard geckos
  8 orcs (D:3)
  2 giant cockroaches
  19 goblins
  12 hobgoblins
  A quokka (D:2)
  A ball python (D:1)
  7 bats
  7 frilled lizards
  5 kobolds
  11 rats
96 creatures vanquished.

Notes
Turn   | Place    | Note
-------+----------+-------------------------------------------
     0 | D:1      | kae the Draconian Transmuter began the quest for the Orb.
     0 | D:1      | Reached XP level 1. HP: 16/16 MP: 3/3
   244 | D:1      | Reached XP level 2. HP: 23/23 MP: 3/5
   250 | D:1      | Learned a level 2 spell: Sticks to Snakes
  1280 | D:2      | Reached XP level 3. HP: 21/28 MP: 4/6
  1440 | D:2      | Noticed a bullfrog
  1461 | D:2      | Killed a bullfrog
  1461 | D:2      | Reached XP level 4. HP: 28/36 MP: 5/7
  1465 | D:2      | Reached skill level 4 in Unarmed Combat
  1483 | D:2      | Noticed Robin
  1520 | D:2      | Killed Robin
  1801 | D:2      | Reached XP level 5. HP: 40/42 MP: 8/8
  2674 | D:3      | Found a radiant altar of Vehumet.
  2823 | D:3      | Noticed Jessica
  2834 | D:3      | Killed Jessica
  2834 | D:3      | Reached XP level 6. HP: 35/50 MP: 10/10
  3073 | D:3      | Found an ancient bone altar of Kikubaaqudgha.
  3847 | D:4      | Reached skill level 5 in Unarmed Combat
  4012 | D:4      | Your scales start taking on a fiery red colour.
  4012 | D:4      | Reached XP level 7. HP: 57/57 MP: 9/11
  4012 | D:4      | Gained mutation: Your flesh is heat resistant. (rF+) [Red Draconian growth]
  4050 | D:4      | Noticed Blork the orc
  4061 | D:4      | Killed Blork the orc
  4092 | D:4      | Found an opulent altar of Gozag.
  4093 | D:4      | Found a glowing silver altar of Zin.
  4149 | D:4      | Noticed Pikel
  4220 | D:4      | Slain by Pikel

Vault maps used:
D:1:      dpeg_arrival_ratfight, serial_corexii_hall, corexii_hall_statues_i,
          corexii_hall_statues_s
D:2:      first_bread, uniq_robin
D:3:      vehumet_crystals, lemuel_coloured_pillars_altar,
          nicolae_underground_beach, uniq_jessica
D:4:      grunt_temple_overflow_gold_and_silver, nemelex_altar_shiori,
          uniq_pikel, uniq_blork_the_orc

Skill      XL: |  1  2  3  4  5  6 |
---------------+-------------------+-----
Fighting       | 2 3 |  3.5
Transmutations | 3 4 |  4.8
Unarmed Combat | 4 5 |  5.4
Spellcasting   | 3 |  3.3
Dodging        | |  1.7

Action                   |  1- 3 |  4- 6 |  7- 9 || total
-------------------------+-------+-------+-------++-------
Melee: Unarmed           |    17 |       |       ||    17
       Tailslap          |    11 |    21 |     4 ||    36
       Dagger            |    86 |   200 |    16 ||   302
       Kick              |    12 |     7 |     1 ||    20
       Headbutt          |     3 |     7 |       ||    10
       Punch             |     2 |     2 |     1 ||     5
 Cast: Beastly Appendage |    17 |    10 |     2 ||    29
       Sticks to Snakes  |       |     2 |     1 ||     3
 Abil: Breathe Fire      |       |       |     2 ||     2
  Use: Potion            |     2 |     1 |     2 ||     5
       Scroll            |     1 |     9 |       ||    10
 Stab: Sleeping          |     1 |     5 |       ||     6
  Eat: Chunk             |     2 |    18 |       ||    20
Armor: Skin              |    29 |    39 |     4 ||    72
Dodge: Dodged            |    57 |    92 |     7 ||   156

Table legend:
 A = Spawn XP
 B = Non-spawn XP
 C = Spawn XP percentage of total XP
 D = Spawn monster count
 E = Non-spawn monster count
 F = Spawn count percentage of total count
 G = Total turns spent on level
                    A         B        C        D         E        F      G
               +---------+---------+-------+---------+---------+-------+---------
         Total |       0 |     899 |   0.0 |       0 |      96 |   0.0 |  4220
               +---------+---------+-------+---------+---------+-------+---------
           D:1 |       0 |      38 |   0.0 |       0 |      24 |   0.0 |  1272
           D:2 |       0 |     196 |   0.0 |       0 |      38 |   0.0 |  1136
           D:3 |       0 |     179 |   0.0 |       0 |      25 |   0.0 |  1248
           D:4 |       0 |     486 |   0.0 |       0 |       9 |   0.0 |   564
               +---------+---------+-------+---------+---------+-------+---------
